 Dungeon Crawl Stone Soup version 0.26.1-10-gdfb7c7de75 (webtiles) character file.

Game seed: 18148901265822570462

103 DearestLeader the Chiller (level 4, 0/30 HPs)
             Began as a Merfolk Ice Elementalist on Apr 9, 2021.
             Succumbed to a kobold's poison
             ... on level 2 of the Dungeon.
             The game lasted 00:04:22 (1317 turns).

DearestLeader the Chiller (MfIE)                    Turns: 1317, Time: 00:04:23

Health: 0/30       AC:  3    Str:  8    XL:     4   Next: 79%
Magic:  7/7        EV: 13    Int: 15    God:
Gold:   73         SH:  0    Dex: 14    Spells: 3/7 levels left

rFire    . . .     SeeInvis .   l - +0 spear (flame)
rCold    . . .     Faith    .   (no shield)
rNeg     . . .     Spirit   .   a - +0 robe
rPois    .         Reflect  .   m - +0 helmet
rElec    .         Harm     .   (no cloak)
rCorr    .         Rampage  .   (no gloves)
Will     +....                  (no boots)
Stlth    ++........             (no amulet)
HPRegen  0.10/turn              p - ring of willpower
MPRegen  0.10/turn              (no ring)

@: mighty, brilliant, lethally poisoned (0 -> -4), flying, hasted, very quick
A: change form in water, swift swim, stealthy swim
a: no special abilities


You were on level 2 of the Dungeon.
You visited 1 branch of the dungeon, and saw 2 of its levels.

You collected 73 gold pieces.

Inventory:

Hand Weapons
 b - a +0 dagger
 l - a +0 spear of flaming (weapon)
Missiles
 k - 19 stones
 o - 22 sling bullets
Armour
 a - a +0 robe (worn)
 m - a +0 helmet (worn)
Jewellery
 h - an uncursed amulet of guardian spirit
 p - a ring of willpower (left hand)
Scrolls
 d - 4 scrolls of remove curse {unknown}
 e - a scroll of fear {unknown}
 j - a scroll of blinking {unknown}
 n - a scroll of amnesia {unknown}


   Skills:
 * Level 3.8 Polearms
 - Level 2.6 Dodging
 - Level 2.1 Stealth
 - Level 2.0 Spellcasting
 + Level 5.7 Ice Magic


You had 3 spell levels left.
You knew the following spells:

 Your Spells              Type           Power        Failure   Level
a - Freeze                Ice            100%         1%          1
b - Frozen Ramparts       Ice            56%          6%          3

Your spell library contained the following spells:

 Spells                   Type           Power        Failure   Level
 Ozocubu's Armour         Ice            28%          6%          3
 Hailstorm                Conj/Ice       15%          56%         4
 Summon Ice Beast         Ice/Summ       15%          56%         4


Dungeon Overview and Level Annotations

Branches:
Dungeon (2/15)

Altars:
Kikubaaqudgha


Message History

* * * LOW HITPOINT WARNING * * *
You feel sick.
Found a stone staircase leading up.
* * * LOW HITPOINT WARNING * * *
You feel sick.
* * * LOW HITPOINT WARNING * * *
You feel sick.
* * * LOW HITPOINT WARNING * * *
You feel sick.
Found a scale mail.
Found an ancient bone altar of Kikubaaqudgha.
* * * LOW HITPOINT WARNING * * *
You feel sick.
There is an open door here.
A bat comes into view.
* * * LOW HITPOINT WARNING * * *
You feel sick.
There is an ancient bone altar of Kikubaaqudgha here.
You reach down and open the door.
You die...

.......###.###...........
....#....................
##.†#.#†)$...###'###..[..
.[...†(†.....# #.# ...
.##.#..##....###.###.## .
....(......(.+.._###..#
###.......#..###.###..b.
#...##..#††# #.# ..
.##†(###..#..###@###
......##..............(#
....(.##.#..)...........
..................###...
........#####...#.# ##
......### #...#.# .......
#...... ..#....# #....##
..##.#.. #....#


There were no monsters in sight!

Vanquished Creatures
  Natasha (twice) (D:2)
  A leopard gecko (D:2)
  6 giant cockroaches
  4 goblins
  7 hobgoblins
  5 jackals (D:2)
  A ball python (D:2)
  3 bats (D:1)
  4 frilled lizards
  11 kobolds
  7 rats (D:1)
51 creatures vanquished.

Notes
Turn   | Place    | Note
-------+----------+-------------------------------------------
     0 | D:1      | DearestLeader the Merfolk Ice Elementalist began the quest
                  | for the Orb.
     0 | D:1      | Reached XP level 1. HP: 13/13 MP: 3/3
   194 | D:1      | Reached XP level 2. HP: 19/19 MP: 3/5
   239 | D:1      | Reached skill level 5 in Ice Magic
   602 | D:1      | Reached XP level 3. HP: 20/24 MP: 4/6
   626 | D:1      | Reached skill level 1 in Polearms
   725 | D:1      | Learned a level 3 spell: Frozen Ramparts
  1110 | D:2      | Noticed Natasha
  1118 | D:2      | Killed Natasha
  1119 | D:2      | Reached XP level 4. HP: 21/30 MP: 3/7
  1171 | D:2      | Noticed Natasha
  1185 | D:2      | Killed Natasha
  1306 | D:2      | Found an ancient bone altar of Kikubaaqudgha.
  1309 | D:2      | HP: 1/30 [poisoned by a kobold]
  1317 | D:2      | Succumbed to a kobold's poison

Illustrated notes

Levels and vault maps discovered:
D:1:      saegor_arrival_simple_c, layout_rooms
D:2:      layout_rooms, amethyst_overflow_temple_binary, lemuel_doored_altar,
          dk_vineyard_1, uniq_natasha

Skill      XL: |  1  2  3  4 |
---------------+-------------+-----
Ice Magic      | 5 |  5.7
Polearms       | 2 3 |  3.8
Dodging        | |  2.6
Stealth        | |  2.1
Spellcasting   | |  2.0

Action                   |  1- 3 |  4- 6 || total
-------------------------+-------+-------++-------
Melee: Dagger            |    12 |       ||    12
       Spear             |    49 |    33 ||    82
 Cast: Freeze            |    30 |     1 ||    31
       Frozen Ramparts   |     1 |     3 ||     4
  Use: Potion            |       |     4 ||     4
 Stab: Sleeping          |     5 |       ||     5
       Distracted        |     1 |       ||     1
Armor: Robe              |    13 |     2 ||    15
Dodge: Dodged            |    49 |    23 ||    72
